 Dungeon Crawl Stone Soup version 0.30-a0-808-g6e0788376e (webtiles) character file.

Game seed: 11832865345865039151

725 cforsyth the Covert (level 8, 0/47 (48) HPs)
             Began as a Kobold Brigand on Feb 25, 2023.
             Slain by a centaur (5 damage)
             ... on level 6 of the Dungeon.
             The game lasted 00:05:05 (4608 turns).

cforsyth the Covert (Kobold Brigand)                Turns: 4608, Time: 00:05:06

HP:   0/47 (48)     AC:  5    Str:  8    XL:     8   Next: 2%
MP:   8/8           EV: 17    Int: 12    God:
Gold: 338           SH:  5    Dex: 19    Spells: 7/7 levels left

rFire   . . .      SeeInvis .    x - +1 short sword (venom)
rCold   . . .      Faith    .    (no shield)
rNeg    . . .      Spirit   .    b - +0 robe
rPois   +          Reflect  +    y - +0 helmet
rElec   .          Harm     .    c - +0 cloak
rCorr   +          Rampage  .    w - +0 pair of gloves
Will    .....                    (no boots)
Stlth   +++++                    v - amulet of reflection
HPRegen 0.27/turn                n - ring of resist corrosion
MPRegen 0.11/turn                s - ring of poison resistance

@: mighty, attractive, flying, lightly drained
A: small, no large weapons, nightstalker 3
a: no special abilities


You were on level 6 of the Dungeon.
You visited 1 branch of the dungeon, and saw 6 of its levels.

You collected 338 gold pieces.

Inventory:

Hand Weapons
 a - a +2 dagger
 x - a +1 short sword of venom (weapon)
Missiles
 d - 25 poisoned darts (quivered)
 e - 3 curare-tipped darts
 i - 6 atropa-tipped darts
Armour
 b - a +0 robe (worn)
 c - a +0 cloak (worn)
 w - a +0 pair of gloves (worn)
 y - a +0 helmet (worn)
Jewellery
 n - a ring of resist corrosion (left hand)
 s - a ring of poison resistance (right hand)
 t - an amulet of faith
 v - an amulet of reflection (around neck)
Wands
 D - a wand of charming (8)
Scrolls
 g - a scroll of magic mapping {unknown}
 j - 5 scrolls of identify {unknown}
 k - 2 scrolls of vulnerability {unknown}
 m - a scroll of noise {unknown}
 o - a scroll of silence {unknown}
 q - 5 scrolls of teleportation {unknown}
 r - a scroll of fog {unknown}
 B - a scroll of blinking {unknown}
 C - a scroll of immolation {unknown}
Potions
 f - 4 potions of flight
 h - 6 potions of curing
 l - a potion of cancellation {unknown}
 p - a potion of heal wounds {unknown}
 u - a potion of attraction
 z - a potion of degeneration {unknown}


   Skills:
 + Level 4.9 Fighting
 + Level 5.9 Short Blades
 - Level 2.1 Throwing
 + Level 4.9 Dodging
 + Level 8.0 Stealth


You had 7 spell levels left.
You didn't know any spells.
Your spell library contained the following spells:

 Spells                   Type           Power      Damage    Failure   Level
 Magic Dart               Conj           0%         1d3       32%         1
 Sting                    Tmut/Pois      0%         1d3       32%         1
 Poisonous Vapours        Pois/Air       0%         N/A       45%         2
 Searing Ray              Conj           0%         2d4       45%         2
 Fulminant Prism          Conj/Hex       0%         3d5       97%         4
 Olgreb's Toxic Radiance  Pois           0%         N/A       97%         4


Dungeon Overview and Level Annotations

Branches:
Dungeon (6/15)
 Temple: D:4-7

Altars:
Yredelemnul


Innate Abilities, Weirdness & Mutations

You are small and have problems with some larger weapons.
You are completely attuned to the shadows.


Message History

You are too injured to fight recklessly!
You are too injured to fight recklessly!
You closely miss the water moccasin.
The water moccasin is heavily wounded.
You feel sick. You block the centaur's attack. The centaur barely misses you.
The water moccasin barely misses you.
Unknown command.
You closely miss the water moccasin.
The water moccasin is heavily wounded.
The centaur hits you. The centaur misses you. The water moccasin bites you.
* * * LOW HITPOINT WARNING * * *
It was a potion of curing.
You feel better. The centaur hits you.
The centaur kicks you but does no damage.
The water moccasin bites you but does no damage.
You hit the water moccasin but do no damage.
The water moccasin is heavily wounded.
The centaur barely misses you.
The centaur kicks you but does no damage.
The water moccasin bites you.
* * * LOW HITPOINT WARNING * * *
Unknown command.
It was a potion of flight.
You feel very buoyant.
You fly up into the air.
The centaur barely misses you. You block the centaur's attack.
The water moccasin bites you.
* * * LOW HITPOINT WARNING * * *
The centaur misses you. The centaur closely misses you.
Unknown command.
Unknown command.
It was a potion of attraction.
You feel attractive to monsters. The water moccasin bites you.
* * * LOW HITPOINT WARNING * * *
You block the centaur's attack.
The centaur kicks you but does no damage.
The water moccasin closely misses you.
It was a potion of might.
You feel very mighty all of a sudden. The centaur hits you.
You die...

......## .......##
#######
........###.....##
........##.......##
.....##.....#.....###
.....#...<.##....[..#
........#.#.......##
...#.............#
...#.......##@...#
...Sc#### ....## ....
....


You could see a water moccasin (poisoned) and a centaur.

Vanquished Creatures
  A black bear (D:5)
  An ogre (D:5)
  2 phantoms
  2 necrophages
  A hound (D:5)
  A jelly (D:5)
  Jessica (D:3)
  An orc wizard (D:4)
  4 adders
  3 gnolls (D:4)
  An ufetubus (D:4)
  3 worms
  2 dart slugs (D:1)
  10 orcs
  5 bats
  3 endoplasms
  2 giant cockroaches
  9 goblins
  4 hobgoblins
  7 jackals
  8 kobolds
  3 quokkas
  5 ball pythons
  3 frilled lizards
  3 rats
85 creatures vanquished.

Notes
Turn   | Place    | Note
-------+----------+-------------------------------------------
     0 | D:1      | cforsyth the Kobold Brigand began the quest for the Orb.
     0 | D:1      | Reached XP level 1. HP: 12/12 MP: 1/1
   109 | D:1      | Reached XP level 2. HP: 18/18 MP: 2/2
   648 | D:1      | Reached XP level 3. HP: 22/22 MP: 3/3
  1131 | D:2      | Found a faded altar of an unknown god.
  1553 | D:2      | Reached XP level 4. HP: 20/27 MP: 4/4
  1741 | D:3      | Found a basalt altar of Yredelemnul.
  1891 | D:3      | Reached skill level 6 in Stealth
  2082 | D:3      | Noticed Jessica
  2086 | D:3      | Killed Jessica
  2087 | D:3      | Reached XP level 5. HP: 32/32 MP: 5/5
  2931 | D:4      | Reached XP level 6. HP: 37/37 MP: 6/6
  3598 | D:5      | Entered Level 5 of the Dungeon
  3821 | D:5      | Reached skill level 7 in Stealth
  3888 | D:5      | Reached skill level 5 in Short Blades
  3888 | D:5      | Reached XP level 7. HP: 24/42 MP: 7/7
  4542 | D:6      | Reached skill level 8 in Stealth
  4542 | D:6      | Reached XP level 8. HP: 42/48 MP: 8/8
  4608 | D:6      | Slain by a centaur

Illustrated notes

Levels and vault maps discovered:
D:1:      dpeg_arrival_rooms_b, layout_loops_ring, serial_forest,
          infiniplex_forest_lined_2, infiniplex_forest_lined_4_way,
          infiniplex_forest_straight_5, infiniplex_forest_clump_diagonal,
          infiniplex_forest_straight_2, infiniplex_forest_clump_large,
          infiniplex_forest_end_1, infiniplex_forest_corner_1
D:2:      layout_loops_ring, hellmonk_ecumenical_altar_dog_temple
D:3:      layout_basic, nicolae_overflow_hidden_temple, minmay_misc_feat_iff,
          kennysheep_doodads, uniq_jessica
D:4:      minmay_inner_zag, layout_basic, kennysheep_path_1
D:5:      layout_basic
D:6:      layout_cave_pools, lemuel_coloured_pillars_altar,
          minmay_temple_entry_purple_smoke, uniq_grinder

Skill      XL: |  1  2  3  4  5  6  7 |
---------------+----------------------+-----
Short Blades   | 3 4 5 |  5.9
Dodging        | 2 3 4 |  4.9
Fighting       | 3 4 |  4.9
Stealth        | 6 7 8 |  8.0
Throwing       | |  2.1

Action                     |  1- 3 |  4- 6 |  7- 9 || total
---------------------------+-------+-------+-------++-------
  Melee: Dagger            |    69 |    11 |       ||    80
         Punch             |     2 |       |     2 ||     4
         Short sword       |       |   102 |    67 ||   169
    Use: Potion            |       |       |     4 ||     4
   Stab: Sleeping          |    20 |    18 |     3 ||    41
         Distracted        |       |     1 |       ||     1
 Armour: Robe              |    10 |    17 |    12 ||    39
  Dodge: Dodged            |    40 |    60 |    47 ||   147
  Block: Other             |       |    19 |    14 ||    33

Table legend: (Time is in decaauts)
 A = Elapsed time spent in this place.
 B = Non-inter-level travel time spent in this place.
 C = Inter-level travel time spent in this place.
 D = Time resting spent in this place.
 E = Time spent auto-exploring this place.
 F = Levels seen in this place.
 G = Mean time per level.
                   A        B        C        D        E       F      G
               +--------+--------+--------+--------+--------+-----+--------+
         Total |   4550 |   4367 |    183 |      0 |   3785 |   6 |  758.3 |
       Dungeon |   4550 |   4367 |    183 |      0 |   3785 |   6 |  758.3 |
               +--------+--------+--------+--------+--------+-----+--------+

Top non-repeatable levels by time:
     D:4: 1065 daAuts
     D:3: 915 daAuts
     D:5: 910 daAuts
     D:1: 900 daAuts
     D:2: 683 daAuts
     D:6: 74 daAuts
